 Dungeon Crawl Stone Soup version 0.18-a0-1157-g59db91b (webtiles) character file.

3809 st0uf the Transmogrifier (level 9, 0/74 HPs)
             Began as a White Draconian Transmuter on Jan 23, 2016.
             Was a Believer of Yredelemnul.
             Killed from afar by an orc wizard (10 damage)
             ... with a puff of frost
             ... on level 9 of the Dungeon.
             The game lasted 00:50:36 (8452 turns).

st0uf the Transmogrifier (DrTm)                     Turns: 8452, Time: 00:50:38

Health: 0/74       AC:  2    Str: 13    XL:     9   Next: 96%
Magic:  18/18      EV: 29    Int: 16    God:    Yredelemnul [**....]
Gold:   491        SH:  0    Dex: 17    Spells: 6 memorised, 6 levels left

rFire  . . .     SeeInvis .       - Unarmed
rCold  . . .     Gourm    .     (armour unavailable)
rNeg   . . .     Faith    .     (shield currently unavailable)
rPois  x         Spirit   .     (helmet currently unavailable)
rElec  .         Dismiss  .     (cloak currently unavailable)
rCorr  .         Reflect  .     (gloves currently unavailable)
SustAt .         Harm     .     (boots currently unavailable)
MR     +....                    (no amulet)
Stlth  ++........               H - ring of protection from magic
                                A - +5 ring of evasion

@: spider-form (expiring), somewhat resistant to hostile enchantments,
unstealthy
A: (breathe frost), unfitting armour, (cold resistance 0), (cold-blooded), AC +7
a: End Transformation, Animate Remains, Recall Undead Slaves, Injury Mirror,
Renounce Religion


You were on level 9 of the Dungeon.
You worshipped Yredelemnul.
Yredelemnul was pleased with you.
You were near starving.
You were a venomous arachnid creature.
You visited 2 branches of the dungeon, and saw 10 of its levels.
You also visited: Sewer.

You collected 491 gold pieces.

Inventory:

Missiles
 a - 55 arrows
 J - 4 javelins (quivered)
Armour
 m - a +0 pair of boots
 C - a +0 cloak
Magical Staves
 q - an uncursed staff of power
 x - an uncursed staff of earth
 I - an uncursed staff of death
Rods
 D - a +0 rod of the swarm (11/11)
   (You found it on level 8 of the Dungeon)
Jewellery
 A - a +5 ring of evasion (left front leg)
 E - an uncursed ring of teleportation
 H - a ring of protection from magic (right front leg)
Scrolls
 d - 8 scrolls of identify {unknown}
 e - 3 scrolls of amnesia {unknown}
 h - 2 scrolls of random uselessness {unknown}
 j - 4 scrolls of teleportation
 k - 6 scrolls of remove curse
 l - 4 scrolls of blinking {unknown}
 n - 2 scrolls of enchant weapon {unknown}
 p - a scroll of noise {unknown}
 y - 3 scrolls of enchant armour {unknown}
 B - a scroll of recharging {unknown}
 F - a scroll of immolation {unknown}
 M - 3 scrolls of fog {unknown}
Potions
 i - a potion of brilliance {unknown}
 o - 3 potions of heal wounds {unknown}
 s - 3 potions of flight {unknown}
 t - a potion of curing {unknown}
 u - 4 potions of might {unknown}
 v - a potion of invisibility
 G - 2 potions of ambrosia {unknown}
 K - a potion of cancellation {unknown}
Books
 b - a book of Changes

   Spells                             Type                      Level
   a - Beastly Appendage              Transmutation                1
   b - Sticks to Snakes               Transmutation                2
   c - Spider Form                    Transmutation/Poison         3
   d - Ice Form                       Ice/Transmutation            4
   e - Blade Hands                    Transmutation                5
 w - a book of Spatial Translocations

   Spells                             Type                      Level
   a - Apportation                    Translocation                1
   b - Blink                          Translocation                2
   c - Shroud of Golubria             Charms/Translocation         2
   d - Portal Projectile              Translocation                3
   e - Teleport Other                 Translocation                3
   f - Passage of Golubria            Translocation                4
Comestibles
 c - 5 bread rations
 f - 5 meat rations
 g - 4 fruits
 r - a slice of pizza
 z - a beef jerky


   Skills:
 + Level 5.3 Fighting
 + Level 6.0 Dodging
 + Level 6.8 Unarmed Combat
 + Level 6.0 Spellcasting
 + Level 0.6 Charms
 + Level 1.0 Translocations
 * Level 8.1 Transmutations


You had 6 spell levels left.
You knew the following spells:

 Your Spells              Type           Power        Failure   Level  Hunger
a - Beastly Appendage     Trmt           ####..       3%          1    None
b - Sticks to Snakes      Trmt           ####....     4%          2    #......
c - Spider Form           Trmt/Pois      ###.......   24%         3    ##.....
d - Apportation           Tloc           #.........   24%         1    None
e - Blade Hands           Trmt           ####......   32%         5    ######.
f - Shroud of Golubria    Chrm/Tloc      #.........   36%         2    #......


Dungeon Overview and Level Annotations

Branches:
Dungeon (9/15)             Temple (1/1) D:6            Lair (0/8) D:9
    Orc: D:9-12

Altars:
Gozag
Kikubaaqudgha
Pakellas
Ru
Trog
Vehumet
Xom
Yredelemnul
Zin

Shops:
D:9 }


Innate Abilities, Weirdness & Mutations

((You can breathe waves of freezing cold.))
((You can buffet flying creatures when you breathe cold.))
((Your icy white scales are hard (AC +7).))
Your body does not fit into most forms of armour.
((Your flesh is cold resistant.))
((You are cold-blooded and may be slowed by cold attacks.))


Message History

The orc warrior barely misses you. The orc completely misses you.
You hit the orc warrior.
The orc warrior is almost dead.
You kill the orc warrior!
Yredelemnul accepts your kill. Something closely misses you.
The orc wizard casts a spell.
The orc wizard flickers and vanishes!
The orc throws a tomahawk.
The tomahawk misses you.
You see here a tomahawk.
The orc throws a tomahawk.
The sentinel's mark upon you fades away.
Your transformation is almost over.
A magic dart appears from out of thin air!
The magic dart hits you!
* * * LOW HITPOINT WARNING * * *
A puff of frost appears from out of thin air!
The puff of frost hits you!
You die...
Your body rises from the dead as a mindless zombie.

.......)......######## #####
##.......####..##....# #...#
.........# ##.##<...# #...# #
.##......# #.##.)..# #...# #
.##......# #..#....####...# #
.##############.#...........#####
.##.........###.).###.#####......
.................................
.##.........####s######.#########
.##.........# #.# #.......#
.###############.# #.......#
<...##.....#.....###.......#
.#####.....#...o..##.......# .#
#.....#.....o##.......# >#
#.....#....oo.####.#### .#
#.....#.....#.# #.# .#
#.....#.....#.## #.#


You could see an orc warrior and 3 orcs.

Vanquished Creatures
  A fire drake (D:9)
  Grinder (D:4)
  A hippogriff (D:8)
  Duvessa (D:4)
  2 orc warriors (D:9)
  A wasp (D:8)
  3 ice beasts
  A phantom (D:8)
  2 sky beasts
  6 ogres
  4 centaurs
  A crocodile (D:9)
  A gnoll sergeant (D:6)
  3 giant frogs
  A wyvern zombie (D:9)
  Dowan (D:4)
  3 wights (D:8)
  A crimson imp (D:5)
  A centaur zombie (D:6)
  A quasit (D:8)
  2 hounds
  A jelly (D:9)
  2 orc wizards
  A giant frog skeleton (D:8)
  An iguana (D:4)
  5 worker ants
  2 worker ant zombies
  7 gnolls
  10 adders
  3 shadow imps
  8 oozes
  An adder zombie (D:5)
  An adder skeleton (D:6)
  6 worms
  7 giant geckos
  15 orcs
  14 giant cockroaches
  12 goblins
  5 hobgoblins
  2 jackals (D:5)
  8 kobolds
  4 quokkas
  10 ball pythons
  5 bats
  10 giant newts
  A jackal skeleton (D:4)
  A quokka skeleton (D:5)
  12 rats
192 creatures vanquished.

Vanquished Creatures (collateral kills)
  A hippogriff (D:9)
  A giant frog (Sewer)
  A hound (D:4)
  4 adders
  2 oozes (Sewer)
  6 giant geckos
  5 giant cockroaches (Sewer)
  A jackal (D:5)
  3 ball pythons (Sewer)
  A bat (D:2)
  A giant newt (Sewer)
26 creatures vanquished.

Grand Total: 218 creatures vanquished

Notes
Turn   | Place    | Note
--------------------------------------------------------------
     0 | D:1      | st0uf the Draconian Transmuter began the quest for the Orb.
     0 | D:1      | Reached XP level 1. HP: 16/16 MP: 3/3
   219 | D:1      | Reached XP level 2. HP: 17/23 MP: 5/5
   970 | D:1      | Reached XP level 3. HP: 28/28 MP: 4/6
   974 | D:1      | Learned a level 2 spell: Sticks to Snakes
  1739 | D:3      | Found a glowing drain.
  1775 | Sewer    | Entered a sewer
  1858 | Sewer    | Reached XP level 4. HP: 24/36 MP: 3/7
  2234 | Sewer    | Reached XP level 5. HP: 18/41 MP: 1/9
  2526 | Sewer    | Reached skill level 4 in Unarmed Combat
  2693 | D:3      | Reached XP level 6. HP: 46/50 MP: 10/10
  2971 | D:4      | Noticed Duvessa
  2971 | D:4      | Noticed Dowan
  2998 | D:4      | Killed Duvessa
  3680 | D:3      | Learned a level 3 spell: Spider Form
  3738 | D:4      | Found a bloodstained altar of Trog.
  3882 | D:4      | Found a basalt altar of Yredelemnul.
  3888 | D:4      | Noticed Grinder
  3917 | D:4      | Killed Grinder
  3917 | D:4      | Reached XP level 7. HP: 48/57 MP: 2/12
  3917 | D:4      | Your scales start taking on an icy white colour.
  3917 | D:4      | Gained mutation: Your flesh is cold resistant. [White Draconian growth]
  3940 | D:4      | Became a worshipper of Yredelemnul the Dark
  3997 | D:4      | Found an opulent altar of Gozag.
  4008 | D:4      | Reached skill level 5 in Transmutations
  4075 | D:4      | Killed Dowan
  4363 | D:5      | Entered Level 5 of the Dungeon
  4410 | D:5      | Learned a level 1 spell: Apportation
  4432 | D:5      | Learned a level 5 spell: Blade Hands
  4435 | D:5      | Learned a level 2 spell: Shroud of Golubria
  4653 | D:5      | Reached XP level 8. HP: 45/63 MP: 4/14
  4851 | D:5      | Found an ancient bone altar of Kikubaaqudgha.
  4856 | D:5      | Found a shimmering altar of Xom.
  4857 | D:5      | Found a glowing silver altar of Zin.
  4857 | D:5      | Found an oddly glowing altar of Pakellas.
  4860 | D:5      | Found a radiant altar of Vehumet.
  4861 | D:5      | Found a sacrificial altar of Ru.
  5045 | D:6      | Reached skill level 6 in Transmutations
  5238 | D:6      | Reached * piety under Yredelemnul
  5312 | D:6      | Reached skill level 5 in Unarmed Combat
  5395 | D:6      | Found a staircase to the Ecumenical Temple.
  5401 | Temple   | Entered the Ecumenical Temple
  5780 | D:7      | Reached skill level 5 in Spellcasting
  6040 | D:7      | Reached skill level 1 in Translocations
  6251 | D:7      | Reached XP level 9. HP: 52/72 MP: 12/16
  6666 | D:8      | Reached skill level 5 in Dodging
  6869 | D:8      | Reached skill level 7 in Transmutations
  7733 | D:9      | Reached ** piety under Yredelemnul
  7799 | D:9      | Found Ticlor's Gadget Shoppe.
  7915 | D:9      | Reached skill level 5 in Fighting
  7968 | D:9      | Reached skill level 8 in Transmutations
  7986 | D:9      | Found a staircase to the Lair.
  7987 | D:9      | Noticed a fire drake
  8022 | D:9      | Killed a fire drake
  8452 | D:9      | Killed from afar by an orc wizard

Vault maps used:
D:1:      dpeg_arrival_shrine, minmay_crystal_water
D:3:      gup_sewer_entry_glass, minmay_misc_feat_encased
D:4:      grunt_gozag_statues, yredelemnul_altar_generic,
          trog_three_pillars_becter, uniq_grinder, uniq_duvessa
D:5:      minitemple, first_bread
D:6:      temple_green
D:9:      minmay_lair_entry_lava, david_orc_4, serial_shops, shop_statue,
          amethyst_killhole
Temple:   eino_temple_water_12
Sewer:    sewer_frog_island_02

Action                   |  1- 3 |  4- 6 |  7- 9 || total
-------------------------+-------+-------+-------++-------
Melee: Unarmed           |   157 |   242 |   419 ||   818
 Cast: Beastly Appendage |    24 |    21 |    16 ||    61
       Sticks to Snakes  |     7 |    22 |    15 ||    44
       Spider Form       |       |     3 |    27 ||    30
       Shroud of Golubri |       |       |     2 ||     2
       Blade Hands       |       |       |     1 ||     1
 Abil: Breathe Frost     |       |       |     9 ||     9
       End Transformatio |       |       |     1 ||     1
  Use: Scroll            |       |     1 |     1 ||     2
 Stab: Distracted        |     2 |     2 |     1 ||     5
       Sleeping          |       |     1 |     1 ||     2
  Eat: Chunk             |     4 |     9 |    18 ||    31
